 Dungeon Crawl Stone Soup version 0.31.0-1-g2c135a0 (webtiles) character file.

Game seed: 2317687727529574841

9086 brinewave the Cleaver (level 11, 0/97 HPs)
             Began as a Minotaur Fighter on Jan 27, 2024.
             Was an Elder of Nemelex Xobeh.
             Slain by an orc warrior
             ... wielding a +2 mace of protection
              (6 damage)
             ... on level 1 of the Orcish Mines.
             The game lasted 00:29:43 (12024 turns).

brinewave the Cleaver (Minotaur Fighter)           Turns: 12024, Time: 00:29:44

Health: 0/97       AC: 20    Str: 24    XL:     11   Next: 18%
Magic:  17/17      EV:  7    Int:  5    God:    Nemelex Xobeh [****..]
Gold:   786        SH:  6    Dex: 11    Spells: 10/10 levels left

rFire   . . .        a - +0 war axe
rCold   . . .        c - +0 buckler
rNeg    . . .        e - +0 plate armour
rPois   .            (helmet restricted)
rElec   .            E - +2 cloak {rCorr}
rCorr   +            (no gloves)
SInv    .            l - +2 pair of boots
Will    .....        (no amulet) Stlth
                     (no ring)
HPRegen 0.36/turn    (no ring)
MPRegen 0.15/turn

%: no passive effects
@: no status effects
A: horns 2, retaliatory headbutt
a: Renounce Religion, Draw Escape, Draw Destruction, Draw Summoning, Triple
Draw, Deal Four


You were on level 1 of the Orcish Mines.
You worshipped Nemelex Xobeh.
Nemelex Xobeh was greatly pleased with you.
You visited 2 branches of the dungeon, and saw 11 of its levels.
You also visited: Sewer.

You collected 786 gold pieces.

Inventory:

Hand Weapons
 a - a +0 war axe (weapon)
 L - a +2 heavy battleaxe
Missiles
 f - 11 boomerangs
 o - 41 poisoned darts (quivered)
 q - 3 curare-tipped darts
 u - 74 stones
 w - 4 javelins
 D - 2 throwing nets
Armour
 c - a +0 buckler (worn)
 e - a +0 plate armour (worn)
 l - a +2 pair of boots (worn)
 z - a +2 cloak of poison resistance
 E - a +2 cloak of preservation (worn)
Jewellery
 b - a ring of positive energy
Wands
 y - a wand of polymorph (21)
 G - a wand of paralysis (2)
Scrolls
 d - a scroll of amnesia {unknown}
 g - a scroll of summoning {unknown}
 h - a scroll of teleportation
 j - 2 scrolls of enchant armour
 m - a scroll of revelation
 r - a scroll of brand weapon {unknown}
 s - a scroll of fear
 C - a scroll of torment {unknown}
 I - a scroll of immolation {unknown}
 J - a scroll of fog
 K - a scroll of blinking {unknown}
 M - a scroll of noise {unknown}
Potions
 i - 4 potions of curing
 k - a potion of cancellation {unknown}
 n - 2 potions of mutation {unknown}
 p - 3 potions of haste
 t - a potion of berserk rage {unknown}
 v - a potion of ambrosia {unknown}
 x - 2 potions of resistance
 A - 2 potions of invisibility {unknown}
 B - 3 potions of lignification
 F - a potion of brilliance {unknown}
 H - a potion of degeneration {unknown}


   Skills:
 + Level 9.1 Fighting
 + Level 10.8 Axes
 + Level 9.0 Armour
 + Level 8.8 Shields
 * Level 9.6 Invocations


You had 10 spell levels left.
You didn't know any spells.
Your spell library contained the following spells:

 Spells                   Type           Power      Damage    Failure   Level
 Jinxbite                 Hex            0%         N/A       100%        2
 Mercury Vapours          Alch/Air       0%         N/A       100%        2
 Static Discharge         Conj/Air       0%         3-3/arc   100%        2
 Mephitic Cloud           Conj/Alch/Air  0%         N/A       100%        3
 Dispel Undead            Necr           0%         3d6       100%        4
 Sticky Flame             Fire/Alch      0%         2d4       100%        4
 Freezing Cloud           Conj/Ice/Air   0%         6-21      100%        5
 Yara's Violent Unravell  Hex/Alch       0%         3d3       100%        5
 Plasma Beam              Fire/Air       0%         2x1d10    100%        6
 Enfeeble                 Hex            0%         N/A       100%        7
 Lehudib's Crystal Spear  Conj/Erth      0%         10d2      100%        8
 Summon Horrible Things   Summ           0%         N/A       100%        8


Dungeon Overview and Level Annotations

Branches:
Dungeon (10/15)            Temple (0/1) D:6            Lair (0/5) D:8
    Orc (1/2) D:10          Sewer (visited)

Altars:
Ashenzari
Cheibriados
Fedhas
Gozag
Hepliaklqana
Nemelex Xobeh
Ru
Trog
Vehumet
Zin
The Shining One

Shops:
D:10 [(


Innate Abilities, Weirdness & Mutations

You have a pair of horns on your head.
You reflexively headbutt those who attack you in melee.


Message History

The orc warrior is moderately wounded.
You hit the warg. You slash something! You block the warg's attack.
The warg misses you. You furiously retaliate!
You headbutt the warg. Something hits you but does no damage.
You hit the warg.
The warg is severely wounded.
You miss something.
You hit the orc warrior but do no damage.
You block the orc warrior's attack.
The warg stops to sniff the ground.
The warg bites you!
* * * LOW HITPOINT WARNING * * *
Something hits you but does no damage.
You closely miss the warg.
The warg is severely wounded.
You slash something!
Reactivating autopickup.
You feel a bit more experienced.
You hit the orc warrior. The warg bites you but does no damage.
The orc warrior hits you but does no damage.
The warg bites you.
* * * LOW HITPOINT WARNING * * *
You slash the warg!
You kill the warg!
You closely miss the orc warrior.
The orc warrior hits you with a +2 mace of protection.
* * * LOW HITPOINT WARNING * * *
Your Armour skill increases to level 9!
You hit the orc warrior but do no damage.
The orc warrior is heavily wounded.
The orc warrior hits you with a +2 mace of protection.
* * * LOW HITPOINT WARNING * * *
You draw a card...
You have drawn the Rangers.
The orc warrior hits you with a +2 mace of protection!
* * * LOW HITPOINT WARNING * * *
You hit the orc warrior.
The orc warrior is heavily wounded.
The orc warrior hits you with a +2 mace of protection.
You die...
Your body glows with a rainbow of weird colours and disappears.

..................#.
....................
#..................
##.........^........
#.........)>)...#.. #
#.........))....#
..##.....c))).......#
.........).).#...#.##
.........†@o....## #
.........))......#
#.........c.N.....#
.................##
.................#
.................#
.............#..##
#........#...####
#......##.....#


You could see an orc warrior (ally target), a friendly naga sharpshooter
(summoned) and 2 friendly centaur warriors.

Vanquished Creatures
  Jeremiah (D:8)
  3 trolls
  A wyvern (D:9)
  2 yaks (D:8)
  2 wargs (Orc:1)
  The ghost of bonegar the Sneak, an amateur NaEn of Dithmenos (D:3)
  A steam dragon (D:9)
  An acid dragon (D:10)
  A water moccasin (D:8)
  8 orc warriors
  A black bear (D:5)
  Duvessa (D:5)
  2 ice beasts (D:6)
  A sky beast (D:6)
  2 ogres
  3 centaurs
  10 kobold brigands
  A gnoll sergeant (D:9)
  5 bullfrogs
  3 scorpions
  Dowan (D:5)
  5 wights (D:8)
  9 howler monkeys
  4 hounds
  3 orc priests
  Crazy Yiuf (D:2)
  A gnoll bouda (D:8)
  2 sleepcaps (D:5)
  An iguana (D:6)
  13 orc wizards
  13 adders
  8 gnolls
  6 river rats
  2 shadow imps
  A white imp (D:7)
  2 ufetubi (D:7)
  2 dart slugs
  5 ribbon worms
  46 orcs
  12 endoplasms
  2 giant cockroaches
  8 goblins
  3 hobgoblins (D:3)
  2 jackals (D:5)
  3 quokkas
  9 ball pythons
  4 bats
  A frilled lizard (D:1)
  15 kobolds
  6 rats
240 creatures vanquished.

Vanquished Creatures (collateral kills)
  3 two-headed ogres
  A gargoyle (D:5)
  Menkaure (D:5)
  2 howler monkeys (D:7)
  2 hounds (D:4)
  A sleepcap (D:4)
  An adder (D:4)
  An endoplasm (D:4)
  A goblin (D:4)
  A hobgoblin (D:4)
  A kobold (D:4)
  A ball python (D:4)
16 creatures vanquished.

Grand Total: 256 creatures vanquished

Notes
Turn   | Place    | Note
-------+----------+-------------------------------------------
     0 | D:1      | brinewave the Minotaur Fighter began the quest for the Orb.
     0 | D:1      | Reached XP level 1. HP: 19/19 MP: 0/0
    80 | D:1      | Reached XP level 2. HP: 23/27 MP: 1/1
   352 | D:1      | Reached skill level 1 in Invocations
   558 | D:2      | You fall into a shaft and drop 2 floors!
   607 | D:3      | Reached skill level 3 in Axes
   617 | D:3      | Reached XP level 3. HP: 28/33 MP: 2/2
   721 | D:3      | Found a runed translucent gate.
   721 | D:3      | Noticed bonegar's ghost (amateur NaEn)
   722 | D:3      | Found a runed translucent gate.
   722 | D:3      | Found a runed translucent gate.
   880 | D:3      | Reached XP level 4. HP: 18/40 MP: 4/4
   902 | D:3      | Found a glowing drain.
   907 | Sewer    | Entered a sewer
  1012 | Sewer    | Noticed a kobold brigand
  1032 | Sewer    | Killed a kobold brigand
  1033 | Sewer    | Reached skill level 4 in Axes
  1033 | Sewer    | Reached XP level 5. HP: 47/47 MP: 5/5
  1201 | Sewer    | Reached XP level 6. HP: 24/53 MP: 5/7
  1743 | Sewer    | Reached skill level 5 in Fighting
  1743 | Sewer    | Reached skill level 5 in Axes
  1842 | Sewer    | Reached skill level 5 in Armour
  1842 | Sewer    | Reached XP level 7. HP: 42/61 MP: 8/8
  1962 | Sewer    | Reached skill level 5 in Shields
  2360 | D:3      | Found a faded altar of an unknown god.
  2368 | D:3      | Prayed at the altar of an unknown god.
  2368 | D:3      | Became a worshipper of Nemelex Xobeh the Trickster
  2368 | D:3      | Reached * piety under Nemelex Xobeh
  2368 | D:3      | Received a gift from Nemelex Xobeh
  2675 | D:2      | Received a gift from Nemelex Xobeh
  2979 | D:2      | Found a runed translucent door.
  2980 | D:2      | Noticed Crazy Yiuf
  3301 | D:2      | Reached ** piety under Nemelex Xobeh
  3301 | D:2      | Received a gift from Nemelex Xobeh
  3502 | D:2      | Killed Crazy Yiuf
  3609 | D:3      | Killed bonegar's ghost
  3610 | D:3      | Reached skill level 6 in Axes
  3852 | D:3      | Reached XP level 8. HP: 69/69 MP: 10/10
  4316 | D:4      | Identified the -2 hand axe of Calamity {protect, rCorr}
  5078 | D:4      | Reached *** piety under Nemelex Xobeh
  5342 | D:5      | Entered Level 5 of the Dungeon
  5342 | D:5      | Noticed a gargoyle
  5354 | D:5      | Killed a gargoyle
  5355 | D:5      | Reached skill level 5 in Invocations
  5564 | D:5      | Reached skill level 7 in Axes
  5849 | D:5      | Noticed Menkaure
  5857 | D:5      | Killed Menkaure
  6083 | D:5      | Noticed Dowan
  6088 | D:5      | Noticed Duvessa
  6096 | D:5      | Killed Dowan
  6097 | D:5      | Reached XP level 9. HP: 73/78 MP: 12/12
  6107 | D:5      | Killed Duvessa
  6423 | D:5      | Found a snail-covered altar of Cheibriados.
  6681 | D:6      | Reached skill level 8 in Axes
  6932 | D:6      | Received a gift from Nemelex Xobeh
  7135 | D:6      | Received a gift from Nemelex Xobeh
  7138 | D:6      | Reached **** piety under Nemelex Xobeh
  7158 | D:6      | Got the Volume of Coruscating Shadows
  7360 | D:6      | Found a staircase to the Ecumenical Temple.
  7560 | D:6      | Got the Teachings on the Retinue and Incandescence
  8005 | D:7      | Received a gift from Nemelex Xobeh
  8114 | D:7      | Noticed a two-headed ogre
  8121 | D:7      | Killed a two-headed ogre
  8122 | D:7      | Reached skill level 9 in Axes
  8233 | D:7      | Noticed a two-headed ogre
  8237 | D:7      | Killed a two-headed ogre
  8238 | D:7      | Reached XP level 10. HP: 88/88 MP: 14/14
  8433 | D:8      | Received a gift from Nemelex Xobeh
  8442 | D:8      | Noticed Jeremiah
  8454 | D:8      | Killed Jeremiah
  8455 | D:8      | Reached skill level 10 in Axes
  8627 | D:8      | Identified the +2 robe "Difriakk" {Int+8 Dex+3}
  8981 | D:8      | Found a staircase to the Lair.
  9213 | D:8      | Received a gift from Nemelex Xobeh
  9468 | D:9      | Noticed a two-headed ogre
  9489 | D:9      | Killed a two-headed ogre
 10171 | D:9      | Found a radiant altar of Vehumet.
 10901 | D:10     | Entered Level 10 of the Dungeon
 11000 | D:10     | Received a gift from Nemelex Xobeh
 11108 | D:10     | Reached XP level 11. HP: 64/95 MP: 16/16
 11273 | D:10     | Found a glowing golden altar of the Shining One.
 11278 | D:10     | Found a broken altar of Ashenzari.
 11283 | D:10     | Found a bloodstained altar of Trog.
 11286 | D:10     | Found a blossoming altar of Fedhas.
 11288 | D:10     | Found a sacrificial altar of Ru.
 11293 | D:10     | Found a glowing silver altar of Zin.
 11302 | D:10     | Found Nakam's Weapon Shop.
 11304 | D:10     | Found a staircase to the Orcish Mines.
 11383 | D:10     | Found Wabiohytz's Armour Shop.
 11422 | D:10     | Found a hazy altar of Hepliaklqana.
 11628 | D:10     | Found an opulent altar of Gozag.
 11686 | Orc:1    | Entered Level 1 of the Orcish Mines
 12024 | Orc:1    | Slain by an orc warrior

Illustrated notes

Levels and vault maps discovered:
D:1:      giann_horns, layout_basic
D:2:      layout_loops_corners, serial_co_window_serial, co_window_paths_b,
          co_window_corner_a, co_window_paths_a, co_window_corner_a,
          co_window_of_opportunity_a, co_window_broadway_b, co_window_paths_c,
          co_window_corner_cb, co_window_broadway_c, co_window_paths_c,
          co_window_paths_d, co_window_sun, uniq_crazy_yiuf_cottage
D:3:      cheibrodos_thug_alley, layout_loops_ring, gammafunk_ghost_split,
          lightli_sewer_entry_pipes, basic_ecumenical_altar, saegor_snake_ambush
D:4:      layout_layer_cave
D:5:      layout_loops_corners, mainiacjoe_overflow_tiny_flanked, uniq_menkaure,
          uniq_duvessa
D:6:      layout_gridville, minmay_temple_entry_poolview,
          kennysheep_generic_room_7
D:7:      layout_gridville, kennysheep_small_circle
D:8:      layout_loops_ring, grunt_lair_entry_orc_guard_hut,
          chequers_serial_rivers_micro_d, uniq_jeremiah
D:9:      layout_layer_cave, lemuel_tele_altar
D:10:     layout_rooms, marbit_many_paths, nicolae_overflow_hallway_of_the_gods,
          mainiacjoe_overflow_24_doors, orc_david_3
Orc:1:    layout_caves, nicolae_shop_firing_range

Skill      XL: |  1  2  3  4  5  6  7  8  9 10 11 |
---------------+----------------------------------+-----
Invocations    | 1 2 3 4 6 7 9 |  9.6
Axes           | 3 4 5 6 7 9 10 | 10.8
Fighting       | 4 5 6 7 8 9 |  9.1
Armour         | 4 5 6 7 8 9 |  9.0
Shields        | 4 5 6 7 8 |  8.8

Action                     |  1- 3 |  4- 6 |  7- 9 | 10-12 || total
---------------------------+-------+-------+-------+-------++-------
  Melee: War axe           |    62 |   101 |   233 |   243 ||   639
         Headbutt          |     5 |    11 |    46 |    39 ||   101
  Throw: Dart              |       |       |       |     5 ||     5
 Invoke: Draw Destruction  |       |       |    15 |     1 ||    16
         Draw Summoning    |       |       |     9 |     3 ||    12
         Triple Draw       |       |       |     1 |     3 ||     4
    Use: Potion            |       |     1 |     2 |       ||     3
         Scroll            |       |       |       |    10 ||    10
 Armour: Scale mail        |    11 |       |       |       ||    11
         Plate armour      |    46 |    98 |   176 |   285 ||   605
  Dodge: Dodged            |    21 |    40 |    73 |    81 ||   215
  Block: Buckler           |    17 |    20 |    72 |    91 ||   200
